 Dungeon Crawl Stone Soup version 0.27.1 (webtiles) character file.

Game seed: 12343410973938941888

380 Malachi the Vexing (level 6, -12/47 HPs)
             Began as a Gnoll Arcane Marksman on Aug 26, 2021.
             Killed from afar by a steam dragon (17 damage)
             ... with a ball of steam
             ... on level 4 of the Dungeon.
             The game lasted 00:07:01 (5980 turns).

Malachi the Vexing (Gnoll Arcane Marksman)          Turns: 5980, Time: 00:07:01

Health: -12/47     AC: 10    Str:  9    XL:     6   Next: 75%
Magic:  11/11      EV: 13    Int: 20    God:
Gold:   66         SH:  0    Dex: 13    Spells: 5/12 levels left

rFire    . . .     SeeInvis .   g - +2 short sword (protect)
rCold    . . .     Faith    .   (no shield)
rNeg     . . .     Spirit   .   d - +0 robe
rPois    .         Reflect  .   m - +1 hat
rElec    .         Harm     .   (no cloak)
rCorr    .         Rampage  .   (no gloves)
Will     .....                  (no boots)
Stlth    +.........             (no amulet)
HPRegen  0.15/turn              j - +6 ring of intelligence
MPRegen  0.12/turn              (no ring)

@: silenced, under a protective aura
A: fangs 1, strong nose, distributed training
a: no special abilities


You were on level 4 of the Dungeon.
You visited 1 branch of the dungeon, and saw 5 of its levels.

You collected 66 gold pieces.

Inventory:

Hand Weapons
 a - a +0 hunting sling
 g - a +2 short sword of protection (weapon)
Missiles
 c - 13 sling bullets
 f - 6 stones (quivered)
 l - a throwing net
 r - 60 poisoned darts
Armour
 d - a +0 robe (worn)
 m - a +1 hat (worn)
Jewellery
 j - a +6 ring of intelligence (left hand)
Wands
 v - a wand of flame (12)
Scrolls
 b - 2 scrolls of torment
 e - 2 scrolls of blinking
 t - a scroll of magic mapping {unknown}
Potions
 h - a potion of flight {unknown}
 i - a potion of curing {unknown}
 k - 2 potions of brilliance {unknown}
 n - a potion of attraction {unknown}
 o - a potion of invisibility {unknown}
 p - a potion of degeneration {unknown}
 s - 2 potions of haste
 u - a potion of magic {unknown}


   Skills:
 + Level 3.3 Fighting
 + Level 2.1 Short Blades
 + Level 2.1 Long Blades
 + Level 2.1 Axes
 + Level 2.1 Maces & Flails
 + Level 2.1 Polearms
 + Level 2.1 Staves
 + Level 5.0 Slings
 + Level 2.1 Bows
 + Level 2.1 Crossbows
 + Level 2.1 Throwing
 + Level 2.1 Armour
 + Level 5.0 Dodging
 + Level 2.1 Stealth
 + Level 2.1 Shields
 + Level 2.1 Unarmed Combat
 + Level 3.5 Spellcasting
 + Level 1.6 Conjurations
 + Level 5.7 Hexes
 + Level 1.6 Summonings
 + Level 1.6 Necromancy
 + Level 1.6 Translocations
 + Level 1.6 Transmutations
 + Level 1.6 Fire Magic
 + Level 1.6 Ice Magic
 + Level 1.6 Air Magic
 + Level 1.6 Earth Magic
 + Level 1.6 Poison Magic
 + Level 2.3 Invocations
 + Level 2.1 Evocations


You had 5 spell levels left.
You knew the following spells:

 Your Spells              Type           Power      Damage    Failure   Level
a - Corona                Hex            28%        N/A       1%          1
b - Inner Flame           Hex/Fire       18%        N/A       9%          3
c - Portal Projectile     Hex/Tloc       36%        N/A       9%          3

Your spell library contained the following spells:

 Spells                   Type           Power      Damage    Failure   Level
 Slow                     Hex            26%        N/A       1%          2
 Magic Dart               Conj           40%        1d5       7%          1
 Searing Ray              Conj           20%        3d3       11%         2
 Sublimation of Blood     Necr           5%         N/A       11%         2
 Wereblood                Tmut           10%        N/A       11%         2
 Cause Fear               Hex            13%        N/A       13%         4
 Fulminant Prism          Conj/Hex       9%         3d7       28%         4
 Summon Hydra             Summ           5%         N/A       100%        7


Dungeon Overview and Level Annotations

Branches:
Dungeon (5/15)
 Temple: D:4-7

Altars:
Kikubaaqudgha
Vehumet

Shops:
D:1 *

Annotations:
D:3 1 runed translucent door, Crazy Yiuf
D:4 Grinder


Innate Abilities, Weirdness & Mutations

You have very sharp teeth.
Your uncanny sense of smell can sniff out nearby items.
Your experience applies equally to all skills.


Message History

The scorpion zombie is almost destroyed.
The scorpion zombie hits you.
You are too injured to fight recklessly!
You are too injured to fight recklessly!
You are too injured to fight recklessly!
You are too injured to fight recklessly!
You are too injured to fight recklessly!
You are too injured to fight recklessly!
You hit the scorpion zombie.
Your weapon exudes an aura of protection.
The scorpion zombie is almost destroyed.
The scorpion zombie hits you but does no damage.
You barely miss the scorpion zombie.
The scorpion zombie is almost destroyed.
The scorpion zombie barely misses you.
You hit the scorpion zombie.
You destroy the scorpion zombie!
f - 6 stones;
c - 13 sling bullets A hobgoblin comes into view.
A steam dragon comes into view.
You see here 2 sling bullets.
The steam dragon hisses angrily.
You see here a sling bullet.
Found a stone staircase leading down.
The steam dragon breathes steam at you. The ball of steam hits you!
You hear a shout!
You see here a sling bullet.
You see here a sling bullet.
As you read the scroll labelled PUFRUE VUORI, it crumbles to dust.
A profound silence engulfs you.
It was a scroll of silence.
You barely miss the steam dragon. The steam dragon bites you!
* * * LOW HITPOINT WARNING * * *
The steam dragon claws you.
* * * LOW HITPOINT WARNING * * *
You hit the steam dragon but do no damage.
Your weapon exudes an aura of protection.
The steam dragon breathes steam at you. The ball of steam hits you!
You die...

§P #§§ # ######..§
. #......# #
#......# #..8...#
#@D....# #§g.§.##
#(.§§## ####
#(#### ########...
#.######........##
#......<.########
##########


You could see a steam dragon (catching breath) and a hobgoblin.

Vanquished Creatures
  A water moccasin zombie (D:4)
  A centaur zombie (D:5)
  2 hounds (D:3)
  A scorpion zombie (D:4)
  An orc wizard (D:5)
  A hound zombie (D:4)
  6 adders
  An adder skeleton (D:4)
  2 worms (D:3)
  2 dart slugs
  10 orcs
  7 ball pythons
  4 bats
  10 endoplasms
  2 giant cockroaches
  7 goblins
  9 hobgoblins
  2 jackals (D:1)
  8 kobolds
  6 quokkas
  6 frilled lizards
  5 rats
94 creatures vanquished.

Vanquished Creatures (others)
  3 withered plants (D:4)
3 creatures vanquished.

Grand Total: 97 creatures vanquished

Notes
Turn   | Place    | Note
-------+----------+-------------------------------------------
     0 | D:1      | Malachi the Gnoll Arcane Marksman began the quest for the
                  | Orb.
     0 | D:1      | Reached XP level 1. HP: 17/17 MP: 4/4
   107 | D:1      | Found Getusmijua's Assorted Antiques.
   282 | D:1      | Reached XP level 2. HP: 23/23 MP: 5/5
   542 | D:1      | Found a faded altar of an unknown god.
   765 | D:1      | Reached XP level 3. HP: 28/28 MP: 7/7
  1145 | D:2      | Learned a level 3 spell: Inner Flame
  1149 | D:2      | Learned a level 3 spell: Portal Projectile
  1235 | D:2      | Reached skill level 1 in Invocations
  1390 | D:2      | Reached skill level 1 in Short Blades
  1390 | D:2      | Reached skill level 1 in Long Blades
  1390 | D:2      | Reached skill level 1 in Axes
  1390 | D:2      | Reached skill level 1 in Maces & Flails
  1390 | D:2      | Reached skill level 1 in Polearms
  1390 | D:2      | Reached skill level 1 in Staves
  1390 | D:2      | Reached skill level 1 in Bows
  1390 | D:2      | Reached skill level 1 in Crossbows
  1390 | D:2      | Reached skill level 1 in Throwing
  1390 | D:2      | Reached skill level 1 in Armour
  1390 | D:2      | Reached skill level 1 in Stealth
  1390 | D:2      | Reached skill level 1 in Shields
  1390 | D:2      | Reached skill level 1 in Unarmed Combat
  1390 | D:2      | Reached skill level 1 in Evocations
  1473 | D:2      | Reached XP level 4. HP: 34/34 MP: 8/8
  1719 | D:3      | Reached skill level 1 in Conjurations
  1719 | D:3      | Reached skill level 1 in Summonings
  1719 | D:3      | Reached skill level 1 in Necromancy
  1719 | D:3      | Reached skill level 1 in Translocations
  1719 | D:3      | Reached skill level 1 in Transmutations
  1719 | D:3      | Reached skill level 1 in Fire Magic
  1719 | D:3      | Reached skill level 1 in Ice Magic
  1719 | D:3      | Reached skill level 1 in Air Magic
  1719 | D:3      | Reached skill level 1 in Earth Magic
  1719 | D:3      | Reached skill level 1 in Poison Magic
  2361 | D:3      | Found a runed translucent door.
  2362 | D:3      | Noticed Crazy Yiuf
  2634 | D:3      | Found a radiant altar of Vehumet.
  2634 | D:3      | Found an ancient bone altar of Kikubaaqudgha.
  2831 | D:3      | Reached XP level 5. HP: 39/40 MP: 9/9
  3807 | D:4      | Noticed Grinder
  4493 | D:3      | Reached XP level 6. HP: 9/47 MP: 3/10
  5398 | D:5      | Entered Level 5 of the Dungeon
  5493 | D:5      | Reached skill level 5 in Slings
  5493 | D:5      | Reached skill level 5 in Dodging
  5974 | D:4      | Noticed a steam dragon
  5980 | D:4      | Killed from afar by a steam dragon

Illustrated notes

Levels and vault maps discovered:
D:1:      beargit_arrival_greenhouse, layout_basic, serial_shops,
          nicolae_diamond_shop, dreamdust_ecumenical_altar_angels_and_demons,
          grunt_decor_one_mirror, grunt_decor_cap
D:2:      minmay_diamond_boxcup, layout_basic
D:3:      layout_basic, mainiacjoe_overflow_divided_tiny, minivault_26,
          uniq_crazy_yiuf_cottage
D:4:      layout_rooms, gammafunk_ghost_necromancy, serial_undead,
          serial_undead_b, serial_undead_d, serial_undead_a, serial_undead_d,
          uniq_blork_the_orc, uniq_grinder
D:5:      layout_rooms, guppyfry_shop_venom, uniq_ijyb

Skill      XL: |  1  2  3  4  5  6 |
---------------+-------------------+-----
Invocations    | 1 2 |  2.3
Short Blades   | 1 2 |  2.1
Long Blades    | 1 2 |  2.1
Axes           | 1 2 |  2.1
Maces & Flails | 1 2 |  2.1
Polearms       | 1 2 |  2.1
Staves         | 1 2 |  2.1
Bows           | 1 2 |  2.1
Crossbows      | 1 2 |  2.1
Throwing       | 1 2 |  2.1
Armour         | 1 2 |  2.1
Stealth        | 1 2 |  2.1
Shields        | 1 2 |  2.1
Unarmed Combat | 1 2 |  2.1
Evocations     | 1 2 |  2.1
Spellcasting   | 3 |  3.5
Conjurations   | 1 |  1.6
Summonings     | 1 |  1.6
Necromancy     | 1 |  1.6
Translocations | 1 |  1.6
Transmutations | 1 |  1.6
Fire Magic     | 1 |  1.6
Ice Magic      | 1 |  1.6
Air Magic      | 1 |  1.6
Earth Magic    | 1 |  1.6
Poison Magic   | 1 |  1.6
Fighting       | 3 |  3.3
Slings         | 5 |  5.0
Dodging        | 5 |  5.0
Hexes          | |  5.7

Action                   |  1- 3 |  4- 6 || total
-------------------------+-------+-------++-------
Melee: Short sword       |       |    65 ||    65
       Bite              |       |     4 ||     4
 Fire: Hunting sling     |   126 |   251 ||   377
 Cast: Corona            |     6 |       ||     6
       Portal Projectile |       |     6 ||     6
  Use: Scroll            |       |     3 ||     3
Armor: Robe              |       |    59 ||    59
Dodge: Dodged            |    23 |   153 ||   176
